HSSL
DUBLIN JEROME HS CELTICS @ SHELBY HS ROCKETS
04/22/2030
 
TOP OF THE 1ST
Dublin Jerome HS Celtics batting - Pitching for Shelby HS Rockets : LHP Bob Thompson
Pitching: LHP Bob Thompson
Batting: LHB David O'Neal 0-0: Ball
1-0: Ball
2-0: Foul Ball, location: 2F
2-1: Ball
3-1: DOUBLE (Line Drive, 9D)
Pinch Runner at 2nd Ned Lee:
Batting: RHB Lyndon Armstrong 0-0: Called Strike
0-1: Ball
1-1: Foul Ball, location: 2F
1-2: Foul Ball, location: 2F
1-2: Strikes out swinging
Batting: SHB Peter Young 0-0: Foul Ball, location: 2F
0-1: Ball
1-1: Fly out, F6 (Line Drive, 6)
Batting: RHB Ed Albert 0-0: Fly out, F2 (Popup, 3SF)
Top of the 1st over - 0 runs, 1 hit, 0 errors, 1 left on base; Dublin Jerome HS 0 - Shelby HS 0
BOTTOM OF THE 1ST
Shelby HS Rockets batting - Pitching for Dublin Jerome HS Celtics : LHP Daron Chandler
Pitching: LHP Daron Chandler
Now in RF: Ned Lee
Batting: SHB Joe Jenkins 0-0: Called Strike
0-1: Ball
1-1: SINGLE (Line Drive, 9S)
Batting: RHB José Zamora 0-0: Ground out 5-3 (Groundball, 5D)
Joe Jenkins to second
Batting: RHB José Borrero 0-0: Ball
1-0: Called Strike
Joe Jenkins is caught stealing 3rd base
1-1: Swinging Strike
1-2: Strikes out swinging
Bottom of the 1st over - 0 runs, 1 hit, 0 errors, 0 left on base; Dublin Jerome HS 0 - Shelby HS 0
TOP OF THE 2ND
Dublin Jerome HS Celtics batting - Pitching for Shelby HS Rockets : LHP Bob Thompson
Batting: LHB Christian Maddox 0-0: Foul Ball, location: 2F
0-1: SINGLE (Line Drive, 56D)
Batting: RHB Richard Bryant 0-0: Ball
1-0: Ground out 6-3 (Groundball, 6S)
Christian Maddox to second
Batting: LHB Ramón Costello 0-0: Fly out, F8 (Flyball, 89D)
Batting: SHB Wilson Cantú 0-0: Called Strike
0-1: Foul Ball, location: 2F
0-2: Ball
1-2: Foul Ball, location: 2F
1-2: SINGLE (Line Drive, 8LS)
Christian Maddox to third
Runner from 3rd tries for Home, SAFE, no throw
Batting: LHB Fred Anderson 0-0: Called Strike
0-1: Swinging Strike
0-2: Ball
1-2: Foul Ball, location: 2F
1-2: Strikes out looking
Top of the 2nd over - 1 run, 2 hits, 0 errors, 1 left on base; Dublin Jerome HS 1 - Shelby HS 0
BOTTOM OF THE 2ND
Shelby HS Rockets batting - Pitching for Dublin Jerome HS Celtics : LHP Daron Chandler
Batting: RHB Jesús García 0-0: Ball
1-0: Ball
2-0: Ball
3-0: Called Strike
3-1: Ground out 5-3 (Groundball, 56)
Batting: LHB Ben Ward 0-0: Swinging Strike
0-1: Ground out 1-3 (Groundball, 13S)
Batting: RHB Reynaldo Oliva 0-0: Called Strike
0-1: Foul Ball, location: 2F
0-2: Ball
1-2: Ball
2-2: Strikes out swinging
Bottom of the 2nd over - 0 runs, 0 hits, 0 errors, 0 left on base; Dublin Jerome HS 1 - Shelby HS 0
TOP OF THE 3RD
Dublin Jerome HS Celtics batting - Pitching for Shelby HS Rockets : LHP Bob Thompson
Batting: LHB Ned Lee 0-0: Foul Ball, location: 2F
0-1: Ball
1-1: Called Strike
1-2: Ball
2-2: DOUBLE (Line Drive, 7LM)
Batting: RHB Lyndon Armstrong 0-0: Called Strike
0-1: Ball
1-1: Swinging Strike
1-2: Ball
2-2: Ball
3-2: Base on Balls
Batting: SHB Peter Young 0-0: SINGLE (Groundball, 56S) (infield hit)
Ned Lee to third
Lyndon Armstrong to second
Batting: RHB Ed Albert 0-0: Called Strike
0-1: Ball
1-1: Ball
2-1: Foul Ball, location: 2F
2-2: Ground out 6-3 (Groundball, 6M)
Ned Lee scores
Lyndon Armstrong to third
Peter Young to second
Batting: LHB Christian Maddox 0-0: SINGLE (Flyball, 3D)
Lyndon Armstrong scores
Peter Young to third
Batting: RHB Richard Bryant 0-0: Called Strike
0-1: Ball
1-1: Ball
2-1: Swinging Strike
2-2: Strikes out swinging
Batting: LHB Ramón Costello 0-0: Called Strike
0-1: Ball
1-1: Ground out 4-3 (Groundball, 4)
Top of the 3rd over - 2 runs, 3 hits, 0 errors, 2 left on base; Dublin Jerome HS 3 - Shelby HS 0
BOTTOM OF THE 3RD
Shelby HS Rockets batting - Pitching for Dublin Jerome HS Celtics : LHP Daron Chandler
Batting: LHB Ron Davis 0-0: Swinging Strike
0-1: Called Strike
0-2: Ball
1-2: Strikes out swinging
Batting: RHB Art McDonald 0-0: Called Strike
0-1: Called Strike
0-2: Ball
1-2: Strikes out swinging
Batting: RHB David Ordóñez 0-0: Foul Ball, location: 2F
0-1: Ground out 6-3 (Groundball, 6)
Bottom of the 3rd over - 0 runs, 0 hits, 0 errors, 0 left on base; Dublin Jerome HS 3 - Shelby HS 0
TOP OF THE 4TH
Dublin Jerome HS Celtics batting - Pitching for Shelby HS Rockets : LHP Bob Thompson
Batting: SHB Wilson Cantú 0-0: Called Strike
0-1: Ball
1-1: Foul Ball, location: 2F
1-2: Ball
2-2: Strikes out looking
Batting: LHB Fred Anderson 0-0: Called Strike
0-1: Foul Ball, location: 2F
0-2: Ball
1-2: Strikes out swinging
Batting: LHB Ned Lee 0-0: Ground out 4-3 (Groundball, 4)
Top of the 4th over - 0 runs, 0 hits, 0 errors, 0 left on base; Dublin Jerome HS 3 - Shelby HS 0
BOTTOM OF THE 4TH
Shelby HS Rockets batting - Pitching for Dublin Jerome HS Celtics : LHP Daron Chandler
Batting: SHB Joe Jenkins 0-0: Ball
1-0: Ground out 3-1 (Groundball, 34S)
Batting: RHB José Zamora 0-0: DOUBLE (Line Drive, 78D)
Batting: RHB José Borrero 0-0: Ball
1-0: Foul Ball, location: 2F
1-1: Fly out, F8 (Flyball, 8RM)
Batting: RHB Jesús García 0-0: Called Strike
0-1: Swinging Strike
0-2: Ball
1-2: Ball
2-2: Strikes out swinging
Bottom of the 4th over - 0 runs, 1 hit, 0 errors, 1 left on base; Dublin Jerome HS 3 - Shelby HS 0
TOP OF THE 5TH
Dublin Jerome HS Celtics batting - Pitching for Shelby HS Rockets : LHP Bob Thompson
Batting: RHB Lyndon Armstrong 0-0: Ball
1-0: Foul Ball, location: 2F
1-1: Single, Error in OF, E8, batter to second base
Batting: SHB Peter Young 0-0: Called Strike
0-1: Swinging Strike
0-2: Foul Ball, location: 2F
0-2: Ball
1-2: Strikes out swinging
Batting: RHB Ed Albert 0-0: Ball
1-0: DOUBLE (Flyball, 8RXD)
Lyndon Armstrong scores
Batting: LHB Christian Maddox 0-0: Ball
1-0: Ball
2-0: Foul Ball, location: 2F
2-1: Foul Ball, location: 2F
2-2: Fly out, F4 (Popup, 4MD)
Pitching: RHP Kevin Cain
Batting: RHB Richard Bryant 0-0: SINGLE (Flyball, 9LM)
Ed Albert to third
Runner from 3rd tries for Home, SAFE, no throw
Batting: LHB Ramón Costello 0-0: Foul Ball, location: 2F
0-1: Swinging Strike
0-2: Strikes out swinging
Top of the 5th over - 2 runs, 3 hits, 1 error, 1 left on base; Dublin Jerome HS 5 - Shelby HS 0
BOTTOM OF THE 5TH
Shelby HS Rockets batting - Pitching for Dublin Jerome HS Celtics : LHP Daron Chandler
Batting: LHB Ben Ward 0-0: Called Strike
0-1: Ball
1-1: Foul Ball, location: 2F
1-2: Foul Ball, location: 2F
1-2: Ball
2-2: Foul Ball, location: 2F
2-2: Ball
3-2: Strikes out looking
Batting: RHB Reynaldo Oliva 0-0: Ball
1-0: Fly out, F8 (Flyball, 8RM)
Batting: LHB Ron Davis 0-0: DOUBLE (Groundball, 3L)
Batting: RHB Art McDonald 0-0: Called Strike
0-1: Ball
1-1: Foul Ball, location: 2F
1-2: Strikes out swinging
Bottom of the 5th over - 0 runs, 1 hit, 0 errors, 1 left on base; Dublin Jerome HS 5 - Shelby HS 0
TOP OF THE 6TH
Dublin Jerome HS Celtics batting - Pitching for Shelby HS Rockets : RHP Kevin Cain
Batting: SHB Wilson Cantú 0-0: Ball
1-0: Foul Ball, location: 2F
1-1: Ball
2-1: Ball
3-1: Base on Balls
Batting: LHB Fred Anderson 0-0: Ball
1-0: Ball
2-0: Foul Ball, location: 2F
2-1: Ball
3-1: Called Strike
3-2: Strikes out swinging
Batting: LHB Ned Lee 0-0: Swinging Strike
0-1: SINGLE (Groundball, 6MD)
Wilson Cantú to second
Throwing error, E8
Wilson Cantú scores
Ned Lee to second
Batting: RHB Lyndon Armstrong 0-0: Foul Ball, location: 2F
0-1: Ball
1-1: Foul Ball, location: 2F
1-2: Ball
2-2: Ball
3-2: Fly out, F5 (Popup, 5SF)
Batting: SHB Peter Young 0-0: Ball
1-0: Ball
2-0: Fly out, F9 (Flyball, 9D)
Top of the 6th over - 1 run, 1 hit, 1 error, 1 left on base; Dublin Jerome HS 6 - Shelby HS 0
BOTTOM OF THE 6TH
Shelby HS Rockets batting - Pitching for Dublin Jerome HS Celtics : LHP Daron Chandler
Batting: RHB David Ordóñez 0-0: Ball
1-0: Fly out, F4 (Line Drive, 4MD)
Batting: SHB Joe Jenkins 0-0: Called Strike
0-1: Foul Ball, location: 2F
0-2: Foul Ball, location: 2F
0-2: Ball
1-2: SINGLE (Flyball, 7LM)
Batting: RHB José Zamora 0-0: Ball
1-0: Foul Ball, location: 2F
1-1: Foul Ball, location: 2F
1-2: Foul Ball, location: 2F
1-2: Grounds into double play, 4-6-3 (Groundball, 34)
Bottom of the 6th over - 0 runs, 1 hit, 0 errors, 0 left on base; Dublin Jerome HS 6 - Shelby HS 0
TOP OF THE 7TH
Dublin Jerome HS Celtics batting - Pitching for Shelby HS Rockets : RHP Kevin Cain
Batting: RHB Ed Albert 0-0: Called Strike
0-1: Called Strike
0-2: Foul Ball, location: 2F
0-2: Ball
1-2: Foul Ball, location: 2F
1-2: Ball
2-2: SINGLE (Flyball, 9LS)
Batting: LHB Christian Maddox 0-0: Ball
1-0: Foul Ball, location: 2F
1-1: SINGLE (Groundball, 34D)
Ed Albert to second
Runner from 2nd tries for 3rd, SAFE, no throw
Batting: RHB Richard Bryant 0-0: Foul Ball, location: 2F
0-1: Reached on error, E4 (Groundball, 4)
Ed Albert scores
Christian Maddox to second
Batting: LHB Ramón Costello 0-0: Swinging Strike
0-1: Ball
1-1: Fielders Choice at 2nd, 1-6 (Groundball, 13)
Christian Maddox to third
Batting: SHB Wilson Cantú 0-0: Called Strike
0-1: Ball
1-1: Called Strike
1-2: Strikes out swinging
Batting: LHB Fred Anderson 0-0: Called Strike
0-1: Ball
1-1: Foul Ball, location: 2F
1-2: Foul Ball, location: 2F
1-2: Ground out 4-3 (Groundball, 4M)
Top of the 7th over - 1 run, 2 hits, 1 error, 2 left on base; Dublin Jerome HS 7 - Shelby HS 0
BOTTOM OF THE 7TH
Shelby HS Rockets batting - Pitching for Dublin Jerome HS Celtics : LHP Daron Chandler
Batting: RHB José Borrero 0-0: Ball
1-0: Called Strike
1-1: Foul Ball, location: 2F
1-2: Ball
2-2: Ball
3-2: Single, Error in OF, E8, batter to second base
Batting: RHB Jesús García 0-0: Called Strike
0-1: Fly out, F7 (Flyball, 7LS)
Batting: LHB Ben Ward 0-0: Ball
1-0: Swinging Strike
1-1: Ball
2-1: Ball
3-1: Called Strike
3-2: Strikes out looking
Pitching: RHP Nathan Miller
Batting: RHB Reynaldo Oliva 0-0: Called Strike
0-1: Swinging Strike
0-2: Foul Ball, location: 2F
0-2: Strikes out swinging
Bottom of the 7th over - 0 runs, 1 hit, 1 error, 1 left on base; Dublin Jerome HS 7 - Shelby HS 0
TOP OF THE 8TH
Dublin Jerome HS Celtics batting - Pitching for Shelby HS Rockets : RHP Kevin Cain
Batting: LHB Ned Lee 0-0: Swinging Strike
0-1: Swinging Strike
0-2: Ground out 4-3 (Groundball, 34D)
Batting: RHB Lyndon Armstrong 0-0: Called Strike
0-1: Ball
1-1: Ball
2-1: Called Strike
2-2: Ball
3-2: Ground out U3 (Groundball, 34S)
Batting: SHB Peter Young 0-0: Ball
1-0: Called Strike
1-1: Ground out 6-3 (Groundball, 6)
Top of the 8th over - 0 runs, 0 hits, 0 errors, 0 left on base; Dublin Jerome HS 7 - Shelby HS 0
BOTTOM OF THE 8TH
Shelby HS Rockets batting - Pitching for Dublin Jerome HS Celtics : RHP Nathan Miller
Batting: LHB Ron Davis 0-0: Swinging Strike
0-1: Fly out, F2 (Popup, 2LF)
Batting: RHB Art McDonald 0-0: Swinging Strike
0-1: Ball
1-1: Called Strike
1-2: Strikes out swinging
Batting: RHB David Ordóñez 0-0: SINGLE (Line Drive, 56)
Batting: SHB Joe Jenkins 0-0: Swinging Strike
0-1: Fly out, F7 (Line Drive, 7)
Bottom of the 8th over - 0 runs, 1 hit, 0 errors, 1 left on base; Dublin Jerome HS 7 - Shelby HS 0
TOP OF THE 9TH
Dublin Jerome HS Celtics batting - Pitching for Shelby HS Rockets : RHP Kevin Cain
Pitching: LHP Mark Thomas
Batting: RHB Ed Albert 0-0: SINGLE (Groundball, 34D) (infield hit)
Batting: LHB Christian Maddox 0-0: Swinging Strike
0-1: Ball
1-1: Foul Ball, location: 2F
1-2: Foul Ball, location: 2F
1-2: Ball
2-2: Ball
3-2: Strikes out looking
Batting: RHB Richard Bryant 0-0: Ball
1-0: Ball
2-0: Ball
3-0: Base on Balls
Ed Albert to second
Batting: LHB Ramón Costello 0-0: Called Strike
0-1: Foul Ball, location: 2F
0-2: Ball
1-2: Ball
2-2: Ball
3-2: Strikes out swinging
Batting: SHB Wilson Cantú 0-0: Called Strike
0-1: Ball
1-1: Called Strike
1-2: Ball
2-2: Strikes out swinging
Top of the 9th over - 0 runs, 1 hit, 0 errors, 2 left on base; Dublin Jerome HS 7 - Shelby HS 0
BOTTOM OF THE 9TH
Shelby HS Rockets batting - Pitching for Dublin Jerome HS Celtics : RHP Nathan Miller
Batting: RHB José Zamora 0-0: Ball
1-0: Foul Ball, location: 2F
1-1: Swinging Strike
1-2: Ball
2-2: Ball
3-2: Base on Balls
Batting: RHB José Borrero 0-0: Called Strike
0-1: Ball
1-1: Ball
2-1: Ball
3-1: Called Strike
3-2: Base on Balls
José Zamora to second
Batting: RHB Jesús García 0-0: Ball
1-0: Foul Ball, location: 2F
1-1: SINGLE (Groundball, 56D)
José Zamora to third
José Borrero to second
Batting: LHB Ben Ward 0-0: Called Strike
0-1: Foul Ball, location: 2F
0-2: Strikes out swinging
Batting: RHB Reynaldo Oliva 0-0: Swinging Strike
0-1: Swinging Strike
0-2: SINGLE (Line Drive, 89S)
José Zamora scores
José Borrero to third
Jesús García to second
Batting: LHB Ron Davis 0-0: Foul Ball, location: 2F
0-1: Ball
1-1: Foul Ball, location: 2F
1-2: Strikes out swinging
Batting: RHB Art McDonald 0-0: Ball
1-0: Foul Ball, location: 2F
1-1: SINGLE (Groundball, 34S) (infield hit)
José Borrero scores
Jesús García to third
Reynaldo Oliva to second
Batting: RHB David Ordóñez 0-0: Foul Ball, location: 2F
0-1: Swinging Strike
0-2: Ball
1-2: Strikes out swinging
Bottom of the 9th over - 2 runs, 3 hits, 0 errors, 3 left on base; Dublin Jerome HS 7 - Shelby HS 2
Saturday, April 7th, 2018 - OOTP Baseball 18.8 Build 76